AoeStats
← Capcoconut

Black Forest

509804979Analyzed
2v2 RM · 5d ago on Sep 28, 2026· 60m 13s· 4 players
Game mode
Random Map
Map size
Medium (4 player)
Population
200
Speed
Normal
Resources
Standard
Victory
Conquest
Starting age
Dark Age
Ending age
Imperial Age
RankedLock teamsTeams togetherTeam positionsShared explorationLock speedFull tech treeHidden civsTurbo modeCheats
Victory
Defeat
🇺🇸 Persians · United States
944
+11
🇺🇸 Mongols · United States
920
+12
🇺🇸 Varangians · United States
862
-12
🇺🇸 Portuguese · United States
814
-11
defendjuice
1:13 Loom
12:49 Feudal Age
13:10 Horse Collar
13:24 Double-Bit Axe
15:02 Gold Mining
15:03 Stone Mining
22:02 Castle Age
22:43 Heavy Plow
23:19 Bow Saw
25:41 Stone Shaft Mining
26:50 Wheelbarrow
27:31 Hand Cart
33:34 Fletching
33:44 Padded Archer Armor
33:54 Scale Mail Armor
34:38 Scale Barding Armor
34:43 Forging
34:29 Bodkin Arrow
35:24 Leather Archer Armor
35:54 Chain Mail Armor
36:34 Chain Barding Armor
36:05 Town Watch
39:16 Imperial Age
37:33 Iron Casting
37:45 Fortified Wall
37:46 Masonry
37:16 Treadmill Crane
37:27 Heated Shot
37:58 Ballistics
37:34 Murder Holes
37:33 Guard Tower
38:03 Squires
37:48 Gambesons
37:49 Arson
38:31 Vendel Legacy
38:35 Pikeman
39:28 Town Patrol
40:24 Conscription
39:25 Gothikon
41:09 Two-Man Saw
40:41 Crop Rotation
40:45 Architecture
41:17 Chemistry
40:51 Siege Engineers
40:26 Halberdier
42:25 Blast Furnace
41:56 Plate Mail Armor
41:45 Bracer
42:33 Ring Archer Armor
43:04 Plate Barding Armor
43:17 Heavy Scorpion
44:40 Coinage
44:20 Guilds
44:11 Caravan
44:31 Husbandry
44:42 Bloodlines
44:34 Cavalier
44:35 Light Cavalry
49:45 Elite Jarl
Capcoconut
0:34 Loom
17:43 Feudal Age
19:37 Double-Bit Axe
20:32 Wheelbarrow
22:22 Man-at-Arms
22:48 Arson
24:29 Forging
24:25 Scale Barding Armor
24:21 Scale Mail Armor
24:11 Fletching
24:22 Padded Archer Armor
24:15 Horse Collar
24:53 Gold Mining
25:53 Stone Mining
32:09 Castle Age
30:58 Bloodlines
33:29 Iron Casting
33:15 Chain Barding Armor
33:11 Chain Mail Armor
32:51 Bodkin Arrow
33:12 Leather Archer Armor
34:05 Stone Shaft Mining
32:59 Pikeman
33:27 Gambesons
35:40 Hand Cart
34:57 Elite Skirmisher
35:48 Heavy Plow
36:41 Bow Saw
38:35 Long Swordsman
41:10 Fortified Wall
41:21 Ballistics
40:42 Treadmill Crane
41:13 Masonry
41:00 Murder Holes
40:59 Heated Shot
46:06 Imperial Age
43:23 Town Watch
45:20 Town Patrol
47:52 Chemistry
47:23 Architecture
46:59 Siege Engineers
46:58 Halberdier
48:18 Conscription
49:37 Blast Furnace
48:53 Husbandry
48:14 Light Cavalry
49:09 Cavalier
50:29 Thumb Ring
black forest or quit
0:32 Loom
10:21 Feudal Age
11:38 Wheelbarrow
11:02 Double-Bit Axe
14:35 Gold Mining
18:49 Castle Age
16:36 Horse Collar
16:52 Stone Mining
19:36 Heavy Plow
19:49 Bow Saw
24:57 Hand Cart
27:01 Stone Shaft Mining
28:28 Caravan
30:05 Gold Shaft Mining
33:11 Imperial Age
30:46 Nomads
33:18 Elite Mangudai
34:15 Fletching
34:26 Padded Archer Armor
36:13 Conscription
36:14 Drill
35:52 Bodkin Arrow
36:13 Leather Archer Armor
37:38 Bracer
38:16 Hoardings
37:52 Siege Engineers
38:10 Town Watch
39:27 Masonry
40:22 Chemistry
39:51 Thumb Ring
40:12 Parthian Tactics
39:56 Town Patrol
40:18 Forging
40:13 Scale Barding Armor
39:41 Onager
40:29 Husbandry
40:50 Bloodlines
42:17 Ballistics
42:08 Siege Onager
42:31 Light Cavalry
43:05 Capped Ram
44:22 Murder Holes
43:58 Hussar
45:02 Chain Barding Armor
45:19 Iron Casting
45:23 Siege Ram
46:42 Fortified Wall
47:59 Blast Furnace
48:09 Heresy
47:50 Devotion
47:47 Herbal Medicine
47:53 Atonement
48:04 Fervor
48:20 Elite Steppe Lancer
48:21 Heavy Camel Rider
50:26 Sappers
51:22 Faith
50:24 Cavalier
50:29 Heavy Cavalry Archer
50:29 Elite Skirmisher
50:30 Crossbowman
53:16 Heavy Scorpion
56:56 Coinage
56:21 Guard Tower
56:37 Siphons
56:52 Shipwright
56:43 Clinker Construction
56:44 Careening
55:59 Man-at-Arms
55:59 Pikeman
56:40 Squires
56:25 Arson
56:47 Scale Mail Armor
56:11 Arbalester
57:29 Long Swordsman
58:31 Chain Mail Armor
58:51 Banking
aoedecoyy590
0:29 Loom
15:54 Feudal Age
16:28 Horse Collar
16:41 Stone Mining
16:44 Gold Mining
16:43 Double-Bit Axe
24:36 Castle Age
25:39 Caravan
25:52 Bow Saw
25:45 Heavy Plow
26:30 Stone Shaft Mining
26:33 Gold Shaft Mining
29:17 Wheelbarrow
29:40 Scale Barding Armor
29:45 Forging
30:47 Chain Barding Armor
31:15 Hand Cart
33:41 Imperial Age
35:35 Two-Man Saw
35:14 Plate Barding Armor
35:14 Iron Casting
35:18 Plate Barding Armor
34:08 Elite War Elephant
35:11 Conscription
35:34 Hoardings
35:49 Crop Rotation
37:40 Blast Furnace
43:42 Chemistry
43:04 Ballistics
56:36 Devotion
Connection lost

Rejoining the realm…

Still unreachable

The connection could not be restored.

Session expired

The server has moved on; the page needs a fresh start.